[Event "Team 45 45 League T34"]
[Site "Internet Chess Club"]
[Date "2007.08.17"]
[Round "5"]
[White "jayes"]
[Black "A-Ru"]
[Result "1/2-1/2"]
[WhiteElo "2013"]
[BlackElo "2004"]
[Opening "French: exchange variation"]
[ECO "C01"]
[Time "07:41:41"]
[TimeControl "2700+45"]

1. e4 e6 2. d4 d5 3. exd5 exd5 4. c4 Nf6 5. Nc3 Nc6 6. Bd3 dxc4 7. Bxc4 Qxd4 8.
Qe2+ Qe5 9. Be3 Bb4 10. Nf3 Qe7 11. O-O Bg4 12. Nd5 Nxd5 13. Bxd5 O-O 14. a3 Bc5
15. Qc4 Bxe3 16. Qxg4 Bb6 17. Rac1 Qf6 18. Rc2 Rad8 19. Bxc6 bxc6 20. Rfc1 Rd6
21. Qe4 Rfd8 22. h3 h6 23. b4 Re6 24. Qc4 Red6 25. Qe2 Kf8 26. a4 a5 27. bxa5
Bxa5 28. Qe5 Rd1+ 29. Rxd1 Rxd1+ 30. Kh2 Qd6 31. Qxd6+ Rxd6 32. Ne5 c5 33. Rxc5
Bb6 34. Rc2 Rd4 35. a5 Bxa5 36. Ra2 Bb6 37. Ra8+ Ke7 38. Nc6+ Kd6 39. Nxd4 Bxd4
40. Kg3 Kd5 41. Kf3 Kc4 42. Rf8 Kd3 43. Rxf7 c5 44. Rb7 c4 45. Rb1 Bf6 46. Rd1+
Kc2 47. Ke2 c3 48. Rd7 Be5 49. g3 g5 50. Rb7 Bd6 51. Rb6 Ba3 52. f4 gxf4 53.
gxf4 Bb2 54. Rc6 Ba3 55. Rxh6 Kb1 56. Rc6 c2 57. f5 c1=Q 58. Rxc1+ Kxc1 59. f6
Kc2 60. h4 Kc3 61. Ke3 Bf8 62. h5 Kc4 63. Ke4 Kc5 64. Ke5 Kc6 65. Ke6 Bh6 66. f7
Bf8 67. Kf6 Kd7 {Game drawn by mutual agreement} 1/2-1/2

[Event "Team 45 45 League T34"]
[Site "Internet Chess Club"]
[Date "2007.08.17"]
[Round "5"]
[White "pokerram"]
[Black "room-matt"]
[Result "0-1"]
[WhiteElo "1702"]
[BlackElo "1824"]
[Opening "Ruy Lopez: Berlin defense, 4.O-O"]
[ECO "C65"]
[Time "15:06:22"]
[TimeControl "2700+45"]

1. e4 e5 2. Nf3 Nc6 3. Bb5 Nf6 4. O-O Be7 5. Re1 d6 6. c3 O-O 7. h3 a6 8. Ba4
Nd7 9. Bc2 a5 10. d4 Bf6 11. d5 Ne7 12. Nbd2 Nb6 13. Qe2 Bd7 14. a4 Ng6 15. Nf1
c5 16. c4 Nh4 17. N1h2 Be7 18. Nxh4 Bxh4 19. Nf3 f5 20. Nxh4 Qxh4 21. exf5 Bxf5
22. Bxf5 Rxf5 23. b3 Raf8 24. Be3 Nd7 25. Rf1 R8f6 26. f3 Rg6 27. Qf2 Qxh3 28.
Qd2 Rh5 29. g4 Qh1+ 30. Kf2 Qh2+ 31. Ke1 Qxd2+ 32. Bxd2 Rh3 33. Bxa5 e4 34. fxe4
Rxg4 35. Bc7 Rxb3 36. Bxd6 Rxe4+ 37. Kd2 Rxc4 38. Rae1 h5 39. Re8+ Kh7 40. Re7
Nb6 41. Be5 Rg4 42. d6 Rg2+ 43. Kc1 Nc4 44. d7 Nxe5 45. Rxg7+ Kxg7 {White
resigns} 0-1

[Event "Team 45 45 League T34"]
[Site "Internet Chess Club"]
[Date "2007.08.20"]
[Round "5"]
[White "strudel"]
[Black "AlPearson"]
[Result "1/2-1/2"]
[WhiteElo "1463"]
[BlackElo "1473"]
[Opening "Catalan: closed, main line"]
[ECO "E09"]
[Time "11:26:33"]
[TimeControl "2700+45"]

1. d4 d5 2. Nf3 e6 3. c4 Nf6 4. g3 Be7 5. Bg2 O-O 6. O-O Nbd7 7. Qc2 c6 8. Nbd2
Re8 9. b3 Nf8 10. Bb2 Bd7 11. Ne5 Rc8 12. Nxd7 N8xd7 13. e4 Nxe4 14. Nxe4 dxe4
15. Bxe4 Nf6 16. Bg2 b5 17. c5 Nd5 18. a3 Rc7 19. b4 Rd7 20. Qd2 Qc7 21. h4 Red8
22. a4 a6 23. Kh2 Bxh4 24. f4 Bf6 25. Rf3 Ne7 26. Rd3 Nf5 27. d5 Bxb2 28. Qxb2
exd5 29. axb5 axb5 30. Bh3 g6 31. Qf6 Re7 32. Bxf5 Re2+ 33. Kh3 gxf5 34. Rda3
Re6 35. Qxd8+ Qxd8 36. Ra8 Qxa8 37. Rxa8+ Kg7 38. Rd8 f6 39. Rd7+ Kg8 40. Rd8+
Kf7 41. Rd7+ Re7 42. Rd6 Rc7 43. g4 {Game drawn by mutual agreement} 1/2-1/2

[Event "Team 45 45 League T34"]
[Site "Internet Chess Club"]
[Date "2007.08.16"]
[Round "5"]
[White "Zyme"]
[Black "beerss"]
[Result "0-1"]
[WhiteElo "1438"]
[BlackElo "1421"]
[Opening "QGD: Albin counter-gambit, 5.g3"]
[ECO "D09"]
[Time "20:07:15"]
[TimeControl "2700+45"]

1. d4 d5 2. c4 e5 3. dxe5 d4 4. Nf3 Nc6 5. g3 Bg4 6. Bg2 Bc5 7. O-O Nge7 8. Qb3
Rb8 9. Bg5 O-O 10. Rd1 Bxf3 11. Bxf3 Nxe5 12. Bg2 c6 13. Nc3 N5g6 14. Ne4 Bb6
15. c5 Bc7 16. e3 Be5 17. exd4 Bc7 18. Rd3 Qd7 19. Re1 Nd5 20. Nc3 Ba5 21. Bd2
Bxc3 22. Bxd5 Bxd2 23. Bxf7+ Rxf7 24. Rxd2 Kh8 25. Qc3 Rbf8 26. Ree2 Qf5 27. Qb3
h5 28. d5 cxd5 29. Qxd5 Qxd5 30. Rxd5 Rf5 31. Rd7 R8f7 32. Rd6 Kh7 33. c6 bxc6
34. Rxc6 a5 35. Rcc2 Ne5 36. Rc3 Nf3+ 37. Kg2 Nd4 38. Rd2 Nf3 39. Rdc2 Ne1+ 40.
Kf1 Nxc2 41. Rxc2 Re7 42. Rd2 Rfe5 43. Rc2 Re1+ 44. Kg2 R1e2 45. Rc5 R7e5 46.
Rc4 Rxb2 47. Rg4 {White resigns} 0-1

[Event "Team 45 45 League T34"]
[Site "Internet Chess Club"]
[Date "2007.08.18"]
[Round "5"]
[White "Russ"]
[Black "conron"]
[Result "1-0"]
[WhiteElo "1252"]
[BlackElo "1205"]
[Opening "Queen's Indian: Petrosian system"]
[ECO "E12"]
[Time "10:00:14"]
[TimeControl "2700+45"]

1. d4 Nf6 2. c4 e6 3. Nf3 b6 4. a3 Bb7 5. Nc3 d5 6. cxd5 exd5 7. Bg5 Be7 8. Qc2
h6 9. Bh4 Nbd7 10. e3 c5 11. Bd3 c4 12. Bf5 g6 13. Bxg6 fxg6 14. Qxg6+ Kf8 15.
Ne5 Nxe5 16. dxe5 Ng8 17. Qf5+ Ke8 18. e6 Nf6 19. Qg6+ Kf8 20. Qf7# {Black
checkmated} 1-0

[Event "Team 45 45 League T34"]
[Site "Internet Chess Club"]
[Date "2007.08.20"]
[Round "5"]
[White "WannaB"]
[Black "king4aknight"]
[Result "0-1"]
[WhiteElo "1004"]
[BlackElo "1047"]
[Opening "King's pawn game"]
[ECO "C50"]
[Time "21:13:44"]
[TimeControl "2700+45"]

1. e4 e5 2. Nf3 Nc6 3. Bc4 d6 4. c3 Be6 5. Bxe6 fxe6 6. d3 Nf6 7. O-O Ng4 8. Bg5
Nf6 9. Bxf6 Qxf6 10. b4 g5 11. d4 g4 12. dxe5 dxe5 13. Nfd2 O-O-O 14. Qxg4 Rg8
15. Qf3 Qg6 16. Nc4 Rd3 17. Ne3 Bh6 18. Re1 Nd4 19. cxd4 exd4 20. Qg4 dxe3 21.
Qxg6 Rxg6 22. Rf1 Bg7 23. fxe3 Bxa1 24. Kf2 Be5 25. Ke2 Rd8 26. g3 h5 27. Nd2 h4
28. Nc4 Bc3 29. b5 hxg3 30. hxg3 Rxg3 31. Kf2 Rg5 32. a4 Rh8 33. Na3 Rh2+ 34.
Kf3 Rh3+ 35. Kf4 Rg7 36. Nc4 Rh4+ 37. Kf3 Rf7+ 38. Ke2 Rh2+ 39. Kd3 Rxf1 40.
Kxc3 Rc1+ 41. Kb4 b6 42. a5 c5+ 43. Ka4 Rxc4+ 44. Kb3 Rb4+ 45. Kc3 bxa5 {White
resigns} 0-1

[Event "Team 45 45 League T34"]
[Site "Internet Chess Club"]
[Date "2007.08.21"]
[Round "5"]
[White "JustinZ"]
[Black "t-hobbes"]
[Result "1-0"]
[WhiteElo "1261"]
[BlackElo "1331"]
[Opening "Ruy Lopez: open (Tarrasch) defense"]
[ECO "C80"]
[Time "15:03:11"]
[TimeControl "2700+45"]

1. e4 e5 2. Nf3 Nc6 3. Bb5 a6 4. Ba4 Nf6 5. O-O Nxe4 6. Re1 f5 7. d3 b5 8. Bb3
Nf6 9. Nxe5 Nxe5 10. Rxe5+ Be7 11. Bg5 d6 12. Re1 d5 13. Bxf6 gxf6 14. Qh5+ Kf8
15. Nc3 c6 16. Re3 Ra7 17. Ne2 Bd6 18. Nd4 Qc7 19. Re6 Bxh2+ 20. Kf1 Qf7 21.
Qh6+ Kg8 22. Rxc6 Bd7 23. Rxf6 Qg7 24. Bxd5+ Be6 25. Bxe6+ Rf7 26. Bxf7+ Kf8 27.
Ne6+ Ke7 28. Nxg7 Be5 29. Re6+ Kxf7 30. Rxe5 {Black resigns} 1-0

[Event "Team 45 45 League T34"]
[Site "Internet Chess Club"]
[Date "2007.08.20"]
[Round "5"]
[White "rshea11"]
[Black "rgadoury"]
[Result "1-0"]
[WhiteElo "1252"]
[BlackElo "1229"]
[Opening "Lengfellner system"]
[ECO "C01"]
[Time "21:02:04"]
[TimeControl "2700+45"]

1. e4 e6 2. d4 d6 3. Nf3 Nf6 4. Bd3 Nc6 5. Bg5 Be7 6. O-O O-O 7. Nbd2 e5 8. c3
exd4 9. Nxd4 Nxd4 10. cxd4 c6 11. Re1 Nd7 12. Bxe7 Qxe7 13. Re3 Nf6 14. h3 Be6
15. e5 dxe5 16. Rxe5 Qd6 17. Nf3 h6 18. Qe2 Rfe8 19. b3 Bd5 20. Re1 Bxf3 21.
Rxe8+ Rxe8 22. Qxe8+ Nxe8 23. Rxe8+ Qf8 24. Rxf8+ Kxf8 25. gxf3 Ke7 26. Kg2 Kd6
27. Be4 g6 28. Kg3 f5 29. Bd3 Kd5 30. Bxf5 gxf5 31. Kf4 Kxd4 32. Kxf5 Kd3 33. f4
Ke2 34. Kg6 Kxf2 35. f5 Kf3 36. f6 {Black resigns} 1-0

[Event "Team 45 45 League T34"]
[Site "Internet Chess Club"]
[Date "2007.08.20"]
[Round "5"]
[White "mickeys"]
[Black "RD1974"]
[Result "0-1"]
[WhiteElo "1673"]
[BlackElo "1629"]
[Opening "Queen's pawn game"]
[ECO "A46"]
[Time "19:06:43"]
[TimeControl "2700+45"]

1. d4 Nf6 2. Nf3 e6 3. a3 d5 4. Bg5 Be7 5. c4 h6 6. Bh4 O-O 7. e3 b6 8. Nc3 Bb7
9. h3 Nbd7 10. Be2 c5 11. cxd5 exd5 12. O-O Ne4 13. Bxe7 Qxe7 14. Rc1 Rfd8 15.
Bd3 c4 16. Bb1 Rac8 17. Qa4 a6 18. b4 b5 19. Qc2 Rc6 20. Nxd5 Qe6 21. Qxe4 Qxe4
22. Bxe4 Re6 23. Ne7+ Rxe7 24. Bxb7 Nb8 25. Bxa6 Nxa6 26. Ne5 Nb8 27. Rfd1 f6
28. Ng6 Ra7 29. Rc3 Kf7 30. Nf4 g5 31. Ne2 f5 32. Ra1 Nd7 33. Rc2 Rda8 34. Rca2
Nb6 35. Nc3 Ke6 36. Nxb5 Rb7 37. Nc3 h5 38. Kf1 Rd7 39. Ke2 f4 40. Ne4 Na4 41.
Nc5+ Nxc5 42. bxc5 fxe3 43. fxe3 Kd5 44. a4 Rf7 45. Rf1 Raf8 46. Rxf7 Rxf7 47.
a5 g4 48. hxg4 Rg7 49. Kf3 hxg4+ 50. Kg3 Kc6 51. a6 Ra7 52. Kxg4 Kd5 53. Kf3 c3
54. Ke2 Kc4 55. Kd1 Kb3 56. Ra5 Kb4 57. Ra1 Kb3 58. Rb1+ Kc4 59. Ra1 Kb3 60. Ra5
Kb4 61. Ra2 Kb3 62. Ra1 Kb2 63. Rc1 Rxa6 64. d5 Ra5 65. Rc2+ Kb3 66. Rc1 Kb2 67.
e4 Rxc5 68. g4 Rc4 69. Rc2+ Kb3 70. Re2 Ra4 71. Re3 Ra1+ 72. Ke2 Kb2 73. Rxc3
Kxc3 74. Kf3 Kd4 75. Kf4 Rf1+ 76. Kg5 Ke5 77. Kh6 Rf6+ 78. Kh5 Rd6 79. g5 Kxe4
80. g6 Kf5 81. g7 Rd8 82. Kh6 Kf6 83. d6 Kf7 84. Kh7 Rg8 85. Kh6 Rxg7 86. d7 Rg8
{White resigns} 0-1

[Event "Team 45 45 League T34"]
[Site "Internet Chess Club"]
[Date "2007.08.20"]
[Round "5"]
[White "clarinetref"]
[Black "GrandPoobah069"]
[Result "0-1"]
[WhiteElo "1607"]
[BlackElo "1684"]
[Opening "Réti opening"]
[ECO "A30"]
[Time "20:10:14"]
[TimeControl "2700+45"]

1. Nf3 c5 2. c4 Nf6 3. g3 g6 4. Bg2 Bg7 5. O-O O-O 6. d4 cxd4 7. Nxd4 Nc6 8. Nc2
Qc7 9. Nc3 e6 10. Nb5 Qb8 11. Rb1 a6 12. Nd6 Ne8 13. c5 Nxd6 14. cxd6 Re8 15.
Be3 b6 16. Nd4 Bb7 17. Nf3 b5 18. Bb6 Bf6 19. Bc7 Qa7 20. Qd2 Bd8 21. Rfd1 Rc8
22. Qf4 e5 23. Qg4 f5 24. Qh3 e4 25. Nh4 Nd4 26. e3 Ne6 27. Bxd8 Rexd8 28. g4 f4
29. exf4 Nxf4 30. Qb3+ Kg7 31. Bf1 Rf8 32. Qe3 Qxe3 33. fxe3 Nd5 34. Ng2 Rc2 35.
Rdc1 Rfc8 36. Rxc2 Rxc2 37. a4 b4 38. b3 a5 39. Bc4 Nc3 40. Rf1 Bd5 41. Bb5 Nxb5
42. axb5 Rc5 43. Rb1 Rxb5 44. Nf4 Rc5 45. Kf2 Bf7 46. Kg3 Rc3 47. Kf2 Rxb3 48.
Rc1 Rc3 49. Ra1 Ra3 50. Rc1 g5 51. Ne2 Ra2 52. Ke1 Kf6 53. h3 h5 54. Ng3 b3 55.
Nxe4+ Kg6 56. gxh5+ Kf5 57. Ng3+ Ke5 58. h6 Kf6 59. Ne4+ Kg6 60. h7 Kxh7 61.
Nf6+ Kg7 62. Nxd7 b2 63. Rd1 Ra1 64. Ne5 Rxd1+ 65. Kxd1 b1=Q+ 66. Ke2 Qb2+ 67.
Kf3 Qxe5 {White resigns} 0-1

[Event "Team 45 45 League T34"]
[Site "Internet Chess Club"]
[Date "2007.08.21"]
[Round "5"]
[White "IronWill"]
[Black "jazzyrick"]
[Result "0-1"]
[WhiteElo "1552"]
[BlackElo "1614"]
[Opening "Sicilian: Grand Prix attack"]
[ECO "B23"]
[Time "17:30:08"]
[TimeControl "2700+45"]

1. e4 c5 2. Nc3 Nc6 3. f4 d6 4. Nf3 e6 5. Bb5 Ne7 6. d3 a6 7. Bxc6+ Nxc6 8. O-O
Be7 9. Be3 O-O 10. d4 b5 11. d5 exd5 12. Nxd5 Bg4 13. Nxe7+ Qxe7 14. Qd5 Nb4 15.
Qg5 Qxg5 16. Nxg5 Nxc2 17. Rac1 Nxe3 18. Rfe1 Nc4 19. b3 Nb6 20. h3 h6 21. hxg4
hxg5 22. Rcd1 Rad8 23. fxg5 Rd7 24. Rf1 Re8 25. Rf4 Re5 26. g6 Nc8 27. Rdf1 f6
28. R1f3 Ne7 29. Rg3 Nxg6 30. Rff3 Rxe4 31. g5 fxg5 32. Rxg5 Ne5 33. Rff5 Rf7
{White resigns} 0-1

[Event "Team 45 45 League T34"]
[Site "Internet Chess Club"]
[Date "2007.08.19"]
[Round "5"]
[White "Relapse"]
[Black "GolfSuper"]
[Result "1-0"]
[WhiteElo "1619"]
[BlackElo "1630"]
[Opening "Sicilian: Alapin's variation (2.c3)"]
[ECO "B22"]
[Time "09:01:54"]
[TimeControl "2700+45"]

1. e4 c5 2. c3 d5 3. Bb5+ Bd7 4. Qa4 dxe4 5. Bxd7+ Qxd7 6. Qxe4 Nf6 7. Qe2 Nc6
8. Nf3 e6 9. O-O Rd8 10. Na3 Be7 11. Nc4 O-O 12. Nce5 Nxe5 13. Nxe5 Qc7 14. d3
Nd5 15. Rd1 Bd6 16. f4 Rfe8 17. c4 Ne7 18. Rf1 Nf5 19. Ng4 Nd4 20. Qf2 a6 21.
Kh1 b5 22. b3 b4 23. Bb2 e5 24. fxe5 Bxe5 25. Nxe5 Rxe5 26. Rae1 Rde8 27. Rxe5
Qxe5 28. Qxf7+ Kh8 29. Bxd4 cxd4 30. Qf8+ {Black resigns} 1-0

[Event "Team 45 45 League T34"]
[Site "Internet Chess Club"]
[Date "2007.08.18"]
[Round "5"]
[White "strudel"]
[Black "Gomer"]
[Result "0-1"]
[WhiteElo "1462"]
[BlackElo "1230"]
[Opening "Scotch game"]
[ECO "C45"]
[Time "14:04:52"]
[TimeControl "2700+45"]

1. e4 e5 2. Nf3 Nc6 3. d4 exd4 4. Nxd4 d5 5. Nxc6 bxc6 6. exd5 Qxd5 7. Qxd5 cxd5
8. Bb5+ Bd7 9. Bxd7+ Kxd7 10. O-O Rb8 11. Re1 d4 12. b3 Bb4 13. Re4 c5 14. Bd2
Nf6 15. Re2 Rhe8 16. Rxe8 Rxe8 17. Bxb4 cxb4 18. Nd2 Re2 19. Rd1 Ng4 20. Nf3 Ke7
21. Re1 Rxe1+ 22. Nxe1 Kd6 23. Nf3 Kd5 24. Ng5 Ne5 25. Nxh7 d3 26. cxd3 Nxd3 27.
Ng5 f6 28. Nf3 Nc1 29. Nd2 Nxa2 30. Kf1 Kd4 31. Ke1 Kd3 32. Kd1 Nc3+ 33. Kc1
Na2+ 34. Kb2 Nc3 35. Kc1 Na2+ 36. Kb2 Kxd2 37. Kxa2 Ke2 38. f4 Ke3 39. Kb2 Kxf4
40. Kc2 Ke3 41. g4 Kf4 42. Kd3 Kxg4 43. Ke3 Kh3 44. Kf4 Kxh2 45. Kf3 a5 46. Kf4
a4 47. bxa4 b3 48. a5 b2 49. a6 b1=Q 50. a7 Qb7 51. Kf5 Qxa7 {White resigns} 0-1

[Event "Team 45 45 League T34"]
[Site "Internet Chess Club"]
[Date "2007.08.16"]
[Round "5"]
[White "thalamus"]
[Black "hotzoddy"]
[Result "0-1"]
[WhiteElo "1367"]
[BlackElo "1369"]
[Opening "French: Marshall variation"]
[ECO "C10"]
[Time "21:04:33"]
[TimeControl "2700+45"]

1. e4 e6 2. d4 d5 3. Nc3 c5 4. exd5 exd5 5. Bb5+ Nc6 6. dxc5 Nf6 7. Qe2+ Be6 8.
Bg5 Be7 9. Nf3 O-O 10. O-O-O a6 11. Bxc6 bxc6 12. Ne5 Qc7 13. Nd3 h6 14. Bh4
Rfe8 15. h3 a5 16. g4 g5 17. Bg3 Qa7 18. Na4 Ne4 19. Be5 Nxc5 20. Bd4 Nb3+ 21.
axb3 Qxd4 22. Ndc5 Qf4+ 23. Kb1 Bxc5 24. Nxc5 Rab8 25. Nd3 Qd6 26. Rhf1 Bd7 27.
Qd2 Qc7 28. Nc5 Bc8 29. f4 f6 30. Qd3 Kg7 31. fxg5 hxg5 32. Rd2 Qd6 33. Qd4 Rb4
34. Qf2 Rf4 35. Qg1 Rxf1+ 36. Qxf1 Qxc5 37. Rf2 Rf8 38. Rf3 Qd6 39. Qf2 d4 40.
Rd3 c5 41. c3 Ba6 42. c4 Bb7 43. Qe1 Rf7 44. Rd1 Re7 45. Qxa5 d3 46. Kc1 Bf3 47.
Rd2 Re1+ 48. Rd1 Qf4+ {White resigns} 0-1

[Event "Team 45 45 League T34"]
[Site "Internet Chess Club"]
[Date "2007.08.20"]
[Round "5"]
[White "moreffee"]
[Black "Fidelian"]
[Result "1-0"]
[WhiteElo "1222"]
[BlackElo "1320"]
[Opening "Sicilian: Smith-Morra gambit"]
[ECO "B21"]
[Time "17:57:50"]
[TimeControl "2700+45"]

1. e4 c5 2. d4 cxd4 3. c3 dxc3 4. Nxc3 Nc6 5. Nf3 e5 6. Bc4 Nf6 7. Bg5 Be7 8.
O-O O-O 9. Qe2 a6 10. Rfd1 b5 11. Bb3 Bb7 12. Rac1 h6 13. Bh4 d6 14. h3 Nb8 15.
Nxe5 Nh7 16. Bxe7 Qxe7 17. Ng6 Qf6 18. Nxf8 Nxf8 19. Nd5 Bxd5 20. Bxd5 Ra7 21.
Rc8 Nd7 22. Rdc1 Qe7 23. R1c7 Rxc7 24. Rxc7 Qd8 25. Qc2 Ne5 26. f4 Ned7 27. Ra7
Qf6 28. Ra8 Qxf4 29. Qf2 Qxf2+ 30. Kxf2 Nc5 31. b3 g6 32. Ke3 Kg7 33. Kd4 Nfe6+
34. Bxe6 fxe6 35. e5 Kf7 36. Ra7+ Ke8 37. exd6 Nd7 38. Rxa6 e5+ 39. Kd5 e4 40.
Ra8+ Kf7 41. Kxe4 Ke6 42. Kd4 Kxd6 43. Ra6+ Ke7 44. Rxg6 {Black resigns} 1-0

[Event "Team 45 45 League T34"]
[Site "Internet Chess Club"]
[Date "2007.08.18"]
[Round "5"]
[White "oldsj"]
[Black "slakkjaw"]
[Result "1-0"]
[WhiteElo "1514"]
[BlackElo "1190"]
[Opening "Philidor's defense"]
[ECO "C41"]
[Time "20:02:45"]
[TimeControl "2700+45"]

1. e4 e5 2. Nf3 d6 3. d4 f6 4. Bc4 Ne7 5. O-O f5 6. exf5 Bxf5 7. dxe5 Ng6 8.
exd6 Qxd6 9. Re1+ Be7 10. Qxd6 cxd6 11. Ng5 Ne5 12. Bb5+ Nbd7 13. Bf4 O-O-O 14.
Nc3 Kb8 15. Nd5 Bf6 16. Ne4 Bxe4 17. Rxe4 Nc5 18. Re2 a6 19. Bxe5 dxe5 20. Bc4
b5 21. Nxf6 gxf6 22. Bf7 Rd7 23. Bh5 Rhd8 24. Kf1 Ne6 25. Bg4 Rd1+ 26. Rxd1
Rxd1+ 27. Re1 Rxe1+ 28. Kxe1 Nc5 29. Kd2 Kc7 30. Ke3 Kd6 31. b3 a5 32. Bf5 h6
33. f4 Kd5 34. fxe5 fxe5 35. g4 b4 36. h4 Nb7 37. Be4+ Ke6 38. Bxb7 Kf6 39. Ke4
{Black resigns} 1-0

[Event "Team 45 45 League T34"]
[Site "Internet Chess Club"]
[Date "2007.08.20"]
[Round "5"]
[White "Cataclysm"]
[Black "Prop"]
[Result "0-1"]
[WhiteElo "1339"]
[BlackElo "1275"]
[Opening "KGD: Falkbeer counter-gambit"]
[ECO "C31"]
[Time "19:06:35"]
[TimeControl "2700+45"]

1. e4 e5 2. f4 d5 3. exd5 exf4 4. Nf3 Bg4 5. Be2 Bd6 6. O-O Nf6 7. Nc3 O-O 8. d3
c6 9. Ne4 cxd5 10. Nxf6+ Qxf6 11. c3 Re8 12. Nd4 Bxe2 13. Nxe2 Nc6 14. Bxf4 Bxf4
15. Rxf4 Qe5 16. Rf2 Re7 17. Qc2 Rae8 18. Re1 d4 19. Qd1 Qh5 20. Qd2 Ne5 21. Ng3
Qh4 22. Ne4 Ng4 23. Qf4 g5 24. Qxg5+ Qxg5 25. Nxg5 Rxe1+ 26. Rf1 b5 27. Nf3
Rxf1+ 28. Kxf1 Ne5 29. Nxe5 Rxe5 30. cxd4 Rd5 31. Ke2 Rxd4 32. Ke3 Rd7 33. d4 a5
34. Ke4 Kf8 35. Ke5 Ke8 36. g4 Ke7 37. h4 f6+ 38. Ke4 h6 39. d5 Kd6 40. Kd4 Re7
41. b3 Re5 42. g5 Rxd5+ 43. Ke4 fxg5 44. hxg5 hxg5 45. Kf3 Ke6 46. Ke4 Rd1 47.
Kf3 Kf6 48. Kg4 Ra1 49. a4 bxa4 50. bxa4 Rxa4+ {White resigns} 0-1

[Event "Team 45 45 League T34"]
[Site "Internet Chess Club"]
[Date "2007.08.19"]
[Round "5"]
[White "BosqueVerde"]
[Black "IconoJett"]
[Result "1-0"]
[WhiteElo "1233"]
[BlackElo "1049"]
[Opening "Nimzo-Indian: classical variation"]
[ECO "E32"]
[Time "11:58:32"]
[TimeControl "2700+45"]

1. d4 Nf6 2. c4 e6 3. Nc3 Bb4 4. Qc2 O-O 5. Bg5 c5 6. e3 d6 7. Bxf6 Qxf6 8. Nf3
Nc6 9. Rd1 e5 10. Bd3 Be6 11. d5 Nd4 12. exd4 cxd4 13. dxe6 dxc3 14. bxc3 Bc5
15. Bxh7+ Kh8 16. Be4 Qxe6 17. Bd5 Qg4 18. O-O Rae8 19. h3 Qg6 20. Qxg6 fxg6 21.
Bxb7 e4 22. Ng5 e3 23. fxe3 Bxe3+ 24. Kh2 Bxg5 25. Rxf8+ Rxf8 26. c5 dxc5 27.
Rd5 Be3 28. h4 Rf1 29. Rd8+ Kh7 30. Ra8 c4 31. Ba6 Rc1 32. Bxc4 Rxc3 33. Bg8+
Kh8 34. g3 Rc2+ 35. Kh3 g5 36. Bb3+ Kh7 37. Bxc2+ Kh6 {Black resigns} 1-0

[Event "Team 45 45 League T34"]
[Site "Internet Chess Club"]
[Date "2007.08.18"]
[Round "5"]
[White "Izeelden"]
[Black "mallet"]
[Result "0-1"]
[WhiteElo "1740"]
[BlackElo "1734"]
[Opening "Scandinavian (center counter) defense"]
[ECO "B01"]
[Time "12:24:47"]
[TimeControl "2700+45"]

1. e4 d5 2. e5 Bf5 3. d4 e6 4. Nf3 c5 5. Bb5+ Nc6 6. c3 Qb6 7. a4 a6 8. Bxc6+
bxc6 9. O-O Bg4 10. a5 Qa7 11. Be3 c4 12. Nbd2 Ne7 13. h3 Bh5 14. Qa4 Rb8 15.
Bg5 Qb7 16. Rab1 Bg6 17. Rbc1 Qb5 18. Ra1 Qxa4 19. Rxa4 Rxb2 20. Nh4 Bd3 21. Re1
h6 22. Be3 Nf5 23. Nxf5 Bxf5 24. f4 Be7 25. g4 Bc2 26. Raa1 Kd7 27. Re2 Rhb8 28.
Rf2 Bd3 29. f5 Rc2 30. f6 gxf6 31. Bxh6 fxe5 32. Rxf7 e4 33. Bg5 Re8 34. Rb1 Kd6
35. Bf4+ e5 36. dxe5+ Ke6 37. Rh7 Rxd2 38. Rb6 Bc5+ 39. Kh1 Rd1+ 40. Kg2 Bf1+
41. Kg3 Rd3+ 42. Kh4 Rxh3+ 43. Kg5 Rg8+ 44. Rg7 Rxg7# {White checkmated} 0-1

[Event "Team 45 45 League T34"]
[Site "Internet Chess Club"]
[Date "2007.08.20"]
[Round "5"]
[White "shakkiipe"]
[Black "Jozin"]
[Result "1/2-1/2"]
[WhiteElo "1595"]
[BlackElo "1602"]
[Opening "English opening"]
[ECO "A17"]
[Time "12:22:15"]
[TimeControl "2700+45"]

1. c4 Nf6 2. Nc3 e6 3. g3 d5 4. cxd5 exd5 5. d4 Be7 6. Bg2 O-O 7. e3 Bb4 8. Bd2
a5 9. Nge2 Bg4 10. f3 Be6 11. a3 Be7 12. Nf4 Qd7 13. Nxe6 Qxe6 14. O-O Nbd7 15.
Rb1 Nb6 16. Ne2 Nc4 17. Nf4 Qd6 18. Re1 Nxd2 19. Qxd2 c6 20. e4 Nd7 21. e5 Qc7
22. e6 Nb6 23. exf7+ Rxf7 24. Bh3 Kh8 25. Ne6 Qd6 26. f4 Nd7 27. Rbc1 {Game
drawn by mutual agreement} 1/2-1/2

[Event "Team 45 45 League T34"]
[Site "Internet Chess Club"]
[Date "2007.08.19"]
[Round "5"]
[White "malihini"]
[Black "ADIOKiddo4Ever"]
[Result "1-0"]
[WhiteElo "1367"]
[BlackElo "1413"]
[Opening "Scandinavian: Pytel-Wade variation"]
[ECO "B01"]
[Time "15:00:56"]
[TimeControl "2700+45"]

1. e4 d5 2. exd5 Qxd5 3. Nc3 Qd6 4. Nf3 Nf6 5. Bc4 Bf5 6. d4 e6 7. Be3 c6 8. Bd3
Bxd3 9. Qxd3 Nbd7 10. O-O O-O-O 11. a3 Nb6 12. a4 Nbd5 13. a5 a6 14. Ne5 Qc7 15.
Nxf7 Qxf7 16. Ra4 Bd6 17. Ne4 Nb4 18. Nxd6+ Rxd6 19. Rxb4 e5 20. Qf5+ Qe6 21.
Qxe5 Re8 22. Qc5 Nd5 23. Rb3 Red8 24. Qa7 R8d7 25. Re1 Qg4 26. Bd2 Rc7 27. Qa8+
Kd7 28. Qe8# {Black checkmated} 1-0

[Event "Team 45 45 League T34"]
[Site "Internet Chess Club"]
[Date "2007.08.16"]
[Round "5"]
[White "Kingofknights"]
[Black "Ernie1"]
[Result "1-0"]
[WhiteElo "1803"]
[BlackElo "1683"]
[Opening "QGD semi-Slav"]
[ECO "D43"]
[Time "19:29:32"]
[TimeControl "2700+45"]

1. d4 c6 2. c4 d5 3. Nf3 Nf6 4. Nc3 e6 5. cxd5 exd5 6. Bg5 Bb4 7. a3 Be7 8. e3
Ne4 9. Bxe7 Qxe7 10. Be2 O-O 11. O-O Bg4 12. h3 Bh5 13. Nxe4 dxe4 14. Ne5 Bxe2
15. Qxe2 Nd7 16. Nc4 f6 17. b4 Nb6 18. Nxb6 axb6 19. Qc4+ Qf7 20. Qc2 Ra6 21.
Qxe4 Rfa8 22. Qd3 Qe8 23. Qb3+ Kh8 24. Rfc1 Qe4 25. b5 cxb5 26. Qxb5 Rxa3 27.
Rxa3 {Black resigns} 1-0

[Event "Team 45 45 League T34"]
[Site "Internet Chess Club"]
[Date "2007.08.18"]
[Round "5"]
[White "okun"]
[Black "Robski"]
[Result "1-0"]
[WhiteElo "1466"]
[BlackElo "1476"]
[Opening "Réti opening"]
[ECO "A05"]
[Time "08:59:37"]
[TimeControl "2700+45"]

1. Nf3 Nf6 2. g3 d5 3. Bg2 e6 4. O-O Be7 5. d3 Nbd7 6. Nbd2 O-O 7. e4 dxe4 8.
Nxe4 Nxe4 9. dxe4 e5 10. h4 Bf6 11. Bg5 Bxg5 12. Nxg5 f6 13. Ne6 Qe7 14. Nxf8
Nxf8 15. Qe2 Be6 16. Rad1 Qf7 17. b3 Nd7 18. Kh2 a6 19. Qd2 b5 20. Bh3 Nc5 21.
Bxe6 Qxe6 22. Rfe1 h6 23. Qd5 Qxd5 24. Rxd5 Ne6 25. Red1 Kh7 26. Rd7 c5 27. c3
b4 28. cxb4 cxb4 29. Rc1 a5 30. Re7 Nd4 31. Rcc7 Rg8 32. Rf7 Nb5 33. Rc2 Nd6 34.
Ra7 Nxe4 35. Rxa5 Rb8 36. Kg2 Nc3 37. Rd2 Rb7 38. Kf3 g5 39. h5 e4+ 40. Kg4 Kg7
41. Kf5 Kf7 42. Ra6 Rb5+ 43. Kg4 Nd5 44. Ra7+ Kg8 45. Kf5 e3 46. fxe3 Nxe3+ 47.
Kxf6 Rf5+ 48. Kg6 Rd5 49. Ra8+ {Black resigns} 1-0